 Dungeon Crawl Stone Soup version 0.31.0-9-g3a7656b989 (webtiles) character file.

Game seed: 15853936318747709832

1205330 Bnni the Rhythm of Life and Death (level 27, -7/162 HPs)
             Began as a Vine Stalker Fighter on Jan 30, 2024.
             Was a Believer of Uskayaw.
             Killed by divine providence
             ... invoked by a royal mummy
              (10 damage)
             ... on level 18 of a ziggurat on Jan 31, 2024.
             The game lasted 05:51:17 (61181 turns).

Bnni the Rhythm of Life and Death (VSFi)           Turns: 61181, Time: 05:51:17

Health: -7/162     AC: 43    Str: 30    XL:     27
Magic:  0/44       EV: 34    Int: 15    God:    Uskayaw [**....]
Gold:   5335       SH: 34    Dex: 30    Spells: 36/59 levels left

rFire   + + +        v - +9 rapier (speed)
rCold   + . .        X - +6 tower shield {AC+3}
rNeg    + + +        U - +10 pearl dragon scales
rPois   +            x - +2 helmet {Int+3}
rElec   +            d - +0 cloak of Hedging {rF+ rC+ Int+4}
rCorr   .            E - +2 pair of gloves {Dex+3}
SInv    .            q - +3 pair of seven-league boots {Rampage+∞}
Will    ++++.        B - amulet "Ewepsepi" {Faith ^Fragile rElec Str+3 Dex+2}
Stlth   +++++++      p - ring of Erinyki {rN+ Str+5}
HPRegen 1.27/turn    e - ring of Xizxoh {^Drain rElec rPois rN+}
MPRegen 0.29/turn

%: guardian spirit, rampage+∞, faith
@: lethally poisoned (-7 -> -13), hasted and slowed, studying 3 skills,
invisible
A: fangs 3, regeneration 1, magic shield, antimagic bite, no potion heal 2,
hooves 2, fire resistance 2, strong-willed 1
}: 14/15 runes: decaying, slimy, silver, iron, obsidian, icy, bone, abyssal,
demonic, glowing, magical, fiery, dark, gossamer
a: Renounce Religion, Stomp, Line Pass


You were on level 18 of a ziggurat.
You worshipped Uskayaw.
Uskayaw was exalted by your worship.
You visited 16 branches of the dungeon, and saw 78 of its levels.
You visited Pandemonium 1 time, and saw 17 of its levels.
You visited the Abyss 1 time.
You visited 1 ziggurat, and saw 18 of its levels.
You also visited: Wizlab.

You collected 17316 gold pieces.
You spent 11981 gold pieces at shops.

Inventory:

Hand Weapons
 u - the +7 captain's cutlass {speed, disarm}
   (You found it on level 17 of a ziggurat)
 v - a +9 rapier of speed (weapon)
 Q - the +8 dagger of Mudexah {freeze, MP+9 Int-2 Dex+8 Stlth+}
   (You found it on level 10 of the Dungeon)

   Int-2:     It affects your intelligence (-2).
   Dex+8:     It affects your dexterity (+8).
   MP+9:      It affects your magic capacity (+9).
   Stlth+:    It makes you more stealthy.
Missiles
 J - 9 curare-tipped darts
 O - 2 throwing nets (quivered)
Armour
 a - the +2 cloak of Noon {rPois Dex-2 Slay+5 SInv}
   (You found it on level 2 of the Elven Halls)

   Dex-2:     It affects your dexterity (-2).
   Slay+5:    It affects your accuracy & damage with ranged weapons and melee
   (+5).
   rPois:     It protects you from poison SInv: It lets you see invisible.
 d - the +0 cloak of Hedging (worn) {rF+ rC+ Int+4}
   (You found it in a wizard's laboratory)

   Int+4:     It affects your intelligence (+4).
   rF+:       It protects you from fire.
   rC+:       It protects you from cold.
 q - the +3 pair of seven-league boots (worn) {Rampage+∞}
   (You found it on level 5 of the Lair of Beasts)

   Rampage+∞: When moving toward enemies, its wearer moves as far as possible,
   alerting their target en route.
 x - a +2 helmet of intelligence (worn)
 E - a +2 pair of gloves of dexterity (worn)
 U - +10 pearl dragon scales (worn)
 X - a +6 tower shield of protection (worn)
Jewellery
 e - the ring of Xizxoh (right hand) {^Drain rElec rPois rN+}
   (You found it on level 7 of a ziggurat)

   [ring of positive energy]

   rElec:     It insulates you from electricity.
   rPois:     It protects you from poison rN+: It protects you from negative
   energy.
   ^Drain:    It drains your maximum health when unequipped.
 g - the ring of Cuoklin {Will+ rCorr Dex+4}
   (You took it off a deep elf elementalist on level 3 of the Elven Halls)

   [ring of resist corrosion]

   Dex+4:     It affects your dexterity (+4).
   Will+:     It increases your willpower.
   rCorr:     It protects you from acid and corrosion.
 j - a ring of flight
 k - a ring of protection from fire
 l - the ring "Nuttyiqi" {rC+ Will++ Int-3}
   (You found it on level 7 of Tartarus)

   [ring of protection from cold]

   Int-3:     It affects your intelligence (-3).
   rC+:       It protects you from cold.
   Will++:    It greatly increases your willpower.
 n - a ring of protection from fire
 o - the ring of Netoduh Ajoth {rC+ Str+6}
   (You found it on level 7 of a ziggurat)

   [ring of strength]

   Str+6:     It affects your strength (+6).
   rC+:       It protects you from cold.
 p - the ring of Erinyki (left hand) {rN+ Str+5}
   (You found it on level 3 of the Crypt)

   [ring of positive energy]

   Str+5:     It affects your strength (+5).
   rN+:       It protects you from negative energy.
 y - the ring "Hyenogei" {Str+2 Dex+3 Slay+4}
   (You bought it in a shop on level 3 of the Elven Halls)

   [ring of slaying]

   Str+2:     It affects your strength (+2).
   Dex+3:     It affects your dexterity (+3).
   Slay+4:    It affects your accuracy & damage with ranged weapons and melee
   (+4).
 B - the amulet "Ewepsepi" (around neck) {Faith ^Fragile rElec Str+3 Dex+2}
   (You found it on level 15 of a ziggurat)

   [amulet of faith]

   Faith:     It allows you to gain divine favour quickly.
   Str+3:     It affects your strength (+3).
   Dex+2:     It affects your dexterity (+2).
   rElec:     It insulates you from electricity.
   ^Fragile:  It will be destroyed if unequipped.
 C - the ring of Noeva {Str+3 Slay+4 SInv}
   (You found it on level 7 of Tartarus)

   [ring of see invisible]

   Str+3:     It affects your strength (+3).
   Slay+4:    It affects your accuracy & damage with ranged weapons and melee
   (+4).
   SInv:      It lets you see invisible.
 W - the ring "Geqedd" {rN+ SInv}
   (You found it on level 17 of a ziggurat)

   [ring of positive energy]

   rN+:       It protects you from negative energy.
   SInv:      It lets you see invisible.
Wands
 b - a wand of acid (44)
 i - a wand of iceblast (110)
 F - a wand of digging (46)
Scrolls
 c - 8 scrolls of fog
 f - 8 scrolls of blinking
 h - 25 scrolls of teleportation
 m - 14 scrolls of fear
 r - 3 scrolls of summoning
 s - 7 scrolls of silence
 z - 4 scrolls of revelation
 D - 3 scrolls of brand weapon
 P - 13 scrolls of enchant weapon
 T - 7 scrolls of immolation
 Z - 2 scrolls of enchant armour
Potions
 t - 21 potions of curing
 G - 3 potions of invisibility
 H - 6 potions of haste
 I - 10 potions of berserk rage
 K - 3 potions of might
 L - 5 potions of resistance
 R - 10 potions of mutation
 S - 21 potions of enlightenment
 V - 8 potions of attraction
 Y - 4 potions of cancellation
Miscellaneous
 w - a phial of floods
 M - a phantom mirror


   Skills:
 + Level 22.3 Fighting
 - Level 14.3 Short Blades
 - Level 15.0 Armour
 * Level 23.8 Dodging
 - Level 21.0 Stealth
 - Level 24.1 Shields
 + Level 16.8 Spellcasting
 - Level 6.0 Necromancy
 - Level 12.0 Translocations
 - Level 10.0 Air Magic
 O Level 27 Invocations


You had 36 spell levels left.
You knew the following spells:

 Your Spells              Type           Power      Damage    Failure   Level
a - Lesser Beckoning      Tloc           96%        N/A       1%          2
b - Blink                 Tloc           96%        N/A       1%          2
d - Vhi's Electric Charg  Tloc/Air       90%        N/A       1%          4
f - Manifold Assault      Tloc           48%        N/A       1%          4
g - Passage of Golubria   Tloc           48%        N/A       1%          4
s - Swiftness             Air            42%        N/A       1%          3
w - Fugue of the Fallen   Necr           30%        N/A       2%          3
z - Apportation           Tloc           96%        N/A       1%          1

Your spell library contained the following spells:

 Spells                   Type           Power      Damage    Failure   Level
 Necrotise                Necr           100%       1d9       1%          1
 Shock                    Conj/Air       100%       1d9       1%          1
 Cigotuvi's Dreadful Rot  Necr/Alch/Air  56%        N/A       1%          2
 Mercury Vapours          Alch/Air       54%        N/A       1%          2
 Momentum Strike          Conj/Tloc      60%        3d9       1%          2
 Static Discharge         Conj/Air       54%        3-6/arc   1%          2
 Sublimation of Blood     Necr           30%        N/A       1%          2
 Gell's Gravitas          Tloc           48%        N/A       1%          3
 Teleport Other           Tloc           48%        N/A       1%          3
 Airstrike                Air            21%        2d(3-19)  1%          4
 Volatile Blastmotes      Fire/Tloc      60%        2d15      2%          3
 Kiss of Death            Conj/Necr      84%        2d11      3%          1
 Mephitic Cloud           Conj/Alch/Air  22%        N/A       9%          3
 Animate Dead             Necr           30%        N/A       9%          4
 Dimensional Bullseye     Hex/Tloc       15%        N/A       9%          4
 Dispel Undead            Necr           30%        3d14      9%          4
 Iskenderun's Mystic Bla  Conj/Tloc      30%        2d8       9%          4
 Foxfire                  Conj/Fire      48%        2x1d6     11%         1
 Freeze                   Ice            48%        1d6       11%         1
 Magic Dart               Conj           48%        1d5       11%         1
 Sandblast                Erth           24%        2d8       11%         1
 Sting                    Conj/Alch      48%        1d6       11%         1
 Summon Small Mammal      Summ           48%        N/A       11%         1
 Dispersal                Tloc           24%        N/A       12%         6
 Summon Lightning Spire   Summ/Air       27%        N/A       14%         4
 Call Imp                 Summ           24%        N/A       16%         2
 Ensorcelled Hibernation  Hex/Ice        24%        N/A       16%         2
 Jinxbite                 Hex            24%        N/A       16%         2
 Searing Ray              Conj           24%        2d5       16%         2
 Curse of Agony           Necr           30%        N/A       26%         5
 Summon Forest            Summ/Tloc      15%        N/A       26%         5
 Anguish                  Hex/Necr       10%        N/A       30%         4
 Martyr's Knell           Necr/Summ      21%        N/A       30%         4
 Call Canine Familiar     Summ           12%        N/A       32%         3
 Confusing Touch          Hex            12%        N/A       32%         3
 Dazzling Flash           Conj/Hex       24%        N/A       32%         3
 Frozen Ramparts          Ice            24%        1d4       32%         3
 Hailstorm                Conj/Ice       12%        3d6       32%         3
 Inner Flame              Hex/Fire       12%        N/A       32%         3
 Ozocubu's Armour         Ice            12%        N/A       32%         3
 Passwall                 Erth           12%        N/A       32%         3
 Stone Arrow              Conj/Erth      24%        3d8       32%         3
 Summon Ice Beast         Ice/Summ       12%        N/A       32%         3
 Tukima's Dance           Hex            12%        N/A       32%         3
 Arcjolt                  Conj/Air       13%        1d23      36%         5
 Silence                  Hex/Air        13%        N/A       36%         5
 Freezing Cloud           Conj/Ice/Air   11%        6-21      58%         5
 Borgnjor's Vile Clutch   Necr/Erth      10%        N/A       65%         5
 Animate Armour           Summ/Erth      24%        N/A       71%         4
 Brom's Barrelling Bould  Conj/Erth      12%        2d4       71%         4
 Cause Fear               Hex            6%         N/A       71%         4
 Flame Wave               Conj/Fire      12%        2d6       71%         4
 Fulminant Prism          Conj/Alch      6%         3d7       71%         4
 Ignite Poison            Fire/Alch      12%        N/A       71%         4
 Leda's Liquefaction      Alch/Erth      6%         N/A       71%         4
 Olgreb's Toxic Radiance  Alch           12%        N/A       71%         4
 Petrify                  Alch/Erth      12%        N/A       71%         4
 Sticky Flame             Fire/Alch      12%        2d5       71%         4
 Summon Blazeheart Golem  Fire/Summ      12%        N/A       71%         4
 Death Channel            Necr           15%        N/A       80%         6
 Conjure Ball Lightning   Conj/Air       13%        3x3d6     91%         6
 Plasma Beam              Fire/Air       13%        2x1d24    91%         6
 Alistair's Intoxication  Alch           8%         N/A       96%         5
 Fireball                 Conj/Fire      6%         3d5       96%         5
 Irradiate                Conj/Alch      6%         3d13      96%         5
 Iskenderun's Battlesphe  Conj           12%        2d7       96%         5
 Lee's Rapid Deconstruct  Erth           6%         3d6*      96%         5
 Metabolic Englaciation   Hex/Ice        6%         N/A       96%         5
 Summon Mana Viper        Hex/Summ       12%        N/A       96%         5
 Yara's Violent Unravell  Hex/Alch       6%         3d5       96%         5
 Disjunction              Tloc           24%        N/A       99%         8
 Bombard                  Conj/Erth      6%         9d2       100%        6
 Eringya's Noxious Bog    Alch           6%         4d6       100%        6
 Sculpt Simulacrum        Ice/Alch       6%         N/A       100%        6
 Starburst                Conj/Fire      6%         6d4       100%        6
 Enfeeble                 Hex            6%         N/A       100%        7
 Haunt                    Necr/Summ      10%        N/A       100%        7
 Malign Gateway           Summ/Tloc      15%        N/A       100%        7
 Monstrous Menagerie      Summ           6%         N/A       100%        7
 Orb of Destruction       Conj           6%         9d6       100%        7
 Ozocubu's Refrigeration  Ice            6%         4d8       100%        7
 Spellforged Servitor     Conj/Summ      6%         N/A       100%        7
 Summon Hydra             Summ           6%         N/A       100%        7
 Borgnjor's Revivificati  Necr           15%        N/A       100%        8
 Discord                  Hex            6%         N/A       100%        8
 Infestation              Necr           15%        N/A       100%        8
 Lehudib's Crystal Spear  Conj/Erth      6%         10d3      100%        8
 Maxwell's Capacitive Co  Air            21%        ∞         100%        8
 Chain Lightning          Conj/Air       13%        3d18      100%        9
 Death's Door             Necr           15%        N/A       100%        9
 Dragon's Call            Summ           6%         N/A       100%        9
 Fire Storm               Conj/Fire      6%         8d2       100%        9
 Polar Vortex             Ice            6%         N/A       100%        9
 Shatter                  Erth           6%         3d9*      100%        9


Dungeon Overview and Level Annotations

Branches:
Dungeon (15/15)            Temple (1/1) D:6            Lair (5/5) D:10
  Swamp (4/4) Lair:3       Spider (4/4) Lair:3        Slime (5/5) Lair:5
    Orc (2/2) D:9             Elf (3/3) Orc:2        Vaults (5/5) D:13
  Crypt (3/3) Vaults:3       Tomb (0/3) Crypt:3      Depths (4/4) D:15
   Hell (visited)             Dis (7/7) Hell            Geh (7/7) Hell
    Coc (7/7) Hell            Tar (7/7) Hell            Zot (0/5) Depths:4
 WizLab (visited)

Altars:
Ashenzari
Cheibriados
Dithmenos
Elyvilon
Fedhas
Gozag
Hepliaklqana
Kikubaaqudgha
Makhleb
Nemelex Xobeh
Okawaru
Qazlal
Ru
Sif Muna
Trog
Uskayaw
Vehumet
Wu Jian
Xom
Yredelemnul
Zin
The Shining One
Jiyva

Shops:
D:6 [   Orc:2 [:(   Elf:1 :!   Elf:3 =   Vaults:1 [[(   Vaults:2 [[=[
Depths:2 **   Depths:4 ?

Portals:
Hell: Depths:1 Depths:2 Depths:3 Depths:4
Abyss: Depths:3
Pandemonium: Depths:2

Annotations:
D:15 2 transporters
Temple 2 transporters


Innate Abilities, Weirdness & Mutations

You have razor-sharp teeth.
Your natural rate of healing is unusually fast.
When hurt, damage is shared between your health and your magic reserves.
Your bite disrupts and absorbs the magic of your enemies.
Potions cannot restore your health.
You have hoof-like feet.
Your flesh is very heat resistant. (rF++)
You are strong-willed. (Will+)


Message History

You block the death scarab's attack. The royal mummy barely misses you.
You block the spriggan defender zombie's attack.
The death scarab completely misses you.
The royal mummy falters for a moment.
The ushabti shakes and rattles.
The vile air hits the spriggan defender zombie!
The vile air hits you but does no damage.
The vile air hits the death scarab but does no damage.
The death scarab's many legs skitter faintly.
Unknown command.
The death scarab's many legs skitter faintly.
You puncture the royal mummy! Your bite misses the royal mummy.
The royal mummy is almost destroyed.
* * * LOW HITPOINT WARNING * * *
You feel sick.
You block the spriggan defender zombie's attack.
You can now pass through a line of other dancers.
Unknown command.
Unknown command.
You hit the royal mummy but do no damage.
You bite the royal mummy!!!
You destroy the royal mummy!
The death scarab disappears in a puff of smoke! x3
You feel extremely nervous for a moment...
Pain shoots through your body!!
* * * LOW HITPOINT WARNING * * *
x2 You feel sick.
The ushabti shakes and rattles deafeningly!
Unknown command.
Your system rejects the healing.
You feel better.
You are poisoned.
* * * LOW HITPOINT WARNING * * *
x2 You feel very sick.
You block the spriggan defender zombie's attack.
An ushabti comes into view.
You block the spriggan defender zombie's attack.
The royal mummy points at you and mumbles some strange words.
Something smites you!
You die...
Bones file is buggy: /crawl-master/crawl-0.31/saves/bones/bones.store.Zig Clearing bad bones file: /crawl-master/crawl-0.31/saves/bones/bones.store.Zig

▓...........▓
▓..Z........▓
▓.b.........▓
▓s........†.▓
▓▓▓▓M.M.§..B...▓▓▓▓▓▓▓▓▓▓
...BZs..................▓
...s......M..B..........▓
.....B...99°○M.M........▓
..MMMM......°M°Z@○☼°○...▓
9...........sZ9§.B...B..▓
MM.......M...§..§......∩▓
........................▓
MM3Z.M....M.............▓
.M................▓
..................▓
.....M............▓
.........▓▓▓▓▓▓▓▓▓▓


You could see a royal mummy, an emperor scorpion (summoned, wandering, unable to
see you), a mummy priest (wandering, unable to see you), 3 ushabtiu, 4 death
scarabs, 5 mummies, a spriggan defender zombie (unable to see you, pain bonded)
and a sphinx skeleton (wandering, unable to see you).

Vanquished Creatures
  Cerebov (Pan)
  Asmodeus (Geh:7)
  Antaeus (Coc:7)
  the Royal Jelly (Slime:5)
  Mnoleg (Pan)
  Ereshkigal (Tar:7)
  Gloorx Vloq (Pan)
  Ignacio (Pan)
  the Serpent of Hell (Geh:7)
  Dispater (Dis:7)
  8 dread liches
  Lom Lobon (Pan)
  8 ancient liches
  Mara (Spider:3)
  Mennas (Depths:4)
  4 juggernauts
  7 royal mummies (Zig:18)
  6 pandemonium lords (Pan)
  Parghit (Depths:3)
  14 shard shrikes
  Saint Roka (Depths:2)
  25 caustic shrikes
  Geryon (Hell)
  4 golden dragons
  16 bone dragons
  8 profane servitors
  Arachne (Spider:4)
  9 doom hounds
  2 shard shrike zombies (Tar:7)
  Jorgrun (Spider:3)
  15 Tzitzimimeh
  14 Brimstone Fiends
  10 tentacled monstrosities
  11 iron giants
  A walking crystal tome (Depths:3)
  10 hellephants
  22 Ice Fiends
  Mlioglotl (Spider:3)
  9 tainted leviathans
  A shard shrike skeleton (Tar:7)
  Asterion (Spider:2)
  15 Hell Sentinels
  17 sphinxes
  5 liches
  3 quicksilver dragons
  3 deep elf master archers
  10 titans
  2 deep elf blademasters (Elf:3)
  A walking divine tome (Depths:3)
  23 searing wretches
  15 Executioners (Pan)
  16 acid blobs
  23 ancient champions
  An eldritch tentacle (WizLab)
  Frances (D:13)
  4 shadow dragons (Vaults:5)
  5 storm dragons
  A tentacled starspawn (Abyss:3)
  4 revenants
  15 tengu reavers
  The ghost of Ysawn the Gelid, an adept DgIE (Elf:2)
  2 draconian monks (Zig:8)
  5 fenstrider witches
  6 thorn hunters
  2 nagarajas (Pan)
  7 demonspawn warmongers (Pan)
  6 narguns
  15 azure jellies
  18 vault wardens
  14 rockslimes
  7 emperor scorpions
  18 iron dragons
  3 draconian knights
  2 draconian shifters
  7 quicksilver elementals
  7 deep elf sorcerers
  14 fire giants
  4 protean progenitors
  15 frost giants
  5 spectral caustic shrikes
  34 balrugs
  4 deep elf elementalists (Elf:3)
  13 ghouls
  16 ghost moths
  An orc warlord (Zig:9)
  2 caustic shrike skeletons
  4 shard shrike simulacra
  4 draconian annihilators
  A spriggan defender (Depths:3)
  4 curse skulls
  2 caustic shrike zombies (Tar:7)
  9 cacodemons
  9 quicksilver oozes
  22 reapers
  9 very ugly things
  8 demonspawn corrupters (Pan)
  24 ironbound preservers
  9 demonspawn blood saints
  4 juggernaut skeletons
  17 stone giants
  10 vampire knights
  3 formless jellyfish
  7 deep elf demonologists
  2 eleionomae
  9 deep elf death magi
  16 elemental wellsprings
  7 broodmothers
  A green draconian (Depths:4)
  A demonspawn black sun (Pan)
  A black draconian (Depths:4)
  7 deep elf annihilators
  60 war gargoyles
  5 ironbound thunderhulks
  2 bunyips
  11 lorocyprocas
  10 dire elephants
  12 wendigos
  2 bennus (Zig:18)
  11 putrid mouths
  A yellow draconian (Depths:4)
  5 spark wasps
  2 white draconians (Zig:8)
  5 red draconians
  A starcursed mass (Zig:5)
  10 eidola
  8 green deaths
  2 spectral quicksilver dragons
  26 blizzard demons
  18 iron golems
  A merfolk javelineer (Zig:11)
  5 mummy priests (Zig:18)
  7 fire dragons
  10 ettins
  2 merfolk impalers (Zig:11)
  3 crystal guardians
  18 jiangshi
  A quicksilver dragon zombie (Zig:18)
  31 vault guards
  A kraken zombie (Hell)
  19 yaktaur captains
  6 deep elf high priests
  15 entropy weavers
  8 salamander tyrants
  8 great orbs of eyes
  5 peacekeepers
  A quicksilver dragon skeleton (Zig:18)
  8 rakshasas
  6 caustic shrike simulacra
  2 hell beasts
  12 ice dragons
  Harold (D:10)
  3 ironbound frosthearts
  4 shambling mangroves
  27 hydras
  5 radroaches
  7 jorogumos
  4 spriggan air magi
  2 spriggan skeletons
  8 alligators
  7 ogre magi
  A ghost crab (Zig:15)
  3 catoblepae
  16 two-headed ogres
  An alligator snapping turtle (Zig:11)
  4 death knights
  7 deep troll shamans
  29 dancing weapons
  6 juggernaut simulacra
  9 stokers
  A two-headed ogre (shapeshifter) (Vaults:5)
  7 boulder beetles
  13 death scarabs
  22 centaur warriors
  A bennu skeleton (Crypt:1)
  14 demonic crawlers
  3 merfolk aquamancers
  9 deep troll earth magi
  18 hell hogs
  3 tengu warriors
  8 hell knights
  4 thrashing horrors
  3 orc high priests
  4 vampire magi
  2 occultists
  23 soul eaters
  Nergalle (D:10)
  3 spriggan berserkers
  8 death yaks (Lair:2)
  A storm dragon zombie (Zig:18)
  59 sun demons
  2 hellephant skeletons (Pan)
  18 deep elf knights
  22 spriggans
  12 sixfirhies
  A skyshark (Lair:5)
  An iron troll (Zig:9)
  6 quicksilver dragon simulacra
  A golden dragon zombie (Hell)
  3 wretched stars (Abyss:3)
  9 pharaoh ants
  30 shadow wraiths
  9 goliath frogs
  24 crystal echidnas
  A spatial maelstrom (Zig:5)
  A fire crab (shapeshifter) (Zig:4)
  A mana viper (shapeshifter) (Vaults:5)
  34 skeletal warriors
  4 spriggan druids
  50 deep trolls
  2 salamander mystics
  7 shadow demons (Pan)
  2 mana vipers (WizLab)
  10 arcanists
  22 large abominations
  2 glowing orange brains
  A spectral jorogumo (Spider:4)
  6 flayed ghosts
  11 sun moths
  A kraken simulacrum (Hell)
  3 shadow dragon zombies (Hell)
  3 spriggan simulacra
  A sun moth (shapeshifter) (WizLab)
  6 sea snakes (Zig:11)
  19 deep elf archers
  16 swamp dragons
  2 orange crystal statues
  A naga ritualist (Zig:2)
  8 lindwurms
  7 orb spiders
  4 orc knights
  2 anaconda skeletons (Hell)
  3 bog bodies
  4 obsidian statues
  5 spectral wolf spiders (Spider:4)
  11 ironbound convokers
  Pikel (D:8)
  A stone giant zombie (Vaults:3)
  29 deep elf zephyrmancers
  16 phantasmal warriors
  31 deep elf pyromancers
  A goliath frog zombie (Crypt:2)
  6 necromancers
  4 oklob plants (Lair:5)
  An iron dragon zombie (Tar:7)
  27 ugly things
  30 wolf spiders
  3 fauns (shapeshifter)
  A wolf spider zombie (Spider:4)
  A shining eye (shapeshifter) (WizLab)
  6 steelbarb worms
  4 will-o-the-wisps
  A manticore (shapeshifter) (Vaults:4)
  A shadow dragon skeleton (Crypt:2)
  7 shining eyes
  16 orc sorcerers
  Maurice (D:10)
  5 manticores
  2 worldbinders (WizLab)
  An alligator skeleton (Hell)
  A fire giant zombie (Hell)
  10 cyclopes
  A meliai (shapeshifter) (Elf:2)
  A spectral centaur (Crypt:3)
  2 centaur zombies (D:15)
  A salamander (Depths:2)
  30 vault sentinels
  5 meliai (Abyss:3)
  A frost giant zombie (Hell)
  4 black mambas
  4 titan simulacra
  21 elephants
  5 torpor snails
  2 naga magi (Zig:14)
  Joseph (D:7)
  11 moths of wrath
  4 ice statues
  An iron dragon skeleton (Crypt:2)
  2 water nymphs (Zig:11)
  10 rust devils
  6 eyes of devastation
  10 orange demons
  A centaur skeleton (D:15)
  40 smoke demons
  A dire elephant skeleton (Tar:7)
  35 yaktaurs
  Maggie (D:7)
  11 cane toads
  8 rime drakes
  A spectral redback (Spider:4)
  A torpor snail (shapeshifter) (Zig:4)
  6 efreet
  17 hellions
  A sea snake zombie (Hell)
  A swamp worm zombie (Crypt:2)
  8 freezing wraiths
  9 kobold demonologists
  19 tormentors
  11 ice devils
  3 tengu conjurers
  3 komodo dragons
  A harpy zombie (Tar:7)
  A spectral harpy (Tar:1)
  A silent spectre (Tar:6)
  7 anaconda simulacra
  2 ancient zymes (Abyss:3)
  A golden dragon simulacrum (Coc:6)
  5 guardian mummies (Zig:18)
  A hydra zombie (Hell)
  2 iron giant simulacra (Coc:7)
  10 tyrant leeches
  2 bloated husks (Zig:15)
  7 hellwings (Pan)
  8 polar bears
  6 red devils (Pan)
  20 hornets
  6 trolls
  2 merfolk (shapeshifter)
  A queen bee (Abyss:3)
  2 merfolk (Zig:11)
  Grinder (D:6)
  8 glass eyes
  2 wind drakes (Zig:11)
  A raiju (shapeshifter) (Zig:4)
  A blink frog (shapeshifter) (Elf:2)
  3 spectral jumping spiders (Spider:4)
  A human skeleton (Vaults:3)
  A wolf spider simulacrum (D:15)
  A raiju (WizLab)
  4 spectral tarantellas (Spider:4)
  30 tarantellas
  22 blink frogs
  A culicivora zombie (Spider:4)
  4 iron dragon simulacra
  A dream sheep (shapeshifter) (Depths:1)
  102 slime creatures
  2 spriggan zombies (Hell)
  A guardian serpent zombie (Crypt:2)
  4 jumping spider zombies (Spider:4)
  Sigmund (D:5)
  2 snapping turtles (Zig:11)
  2 stone giant simulacra
  An alligator simulacrum (Hell)
  13 dream sheep
  56 jumping spiders
  A guardian serpent skeleton (Crypt:2)
  26 ynoxinuls (Pan)
  3 shadows (Crypt:3)
  5 water elementals
  An air elemental (Elf:2)
  A centaur simulacrum (D:13)
  21 culicivoras
  A fire bat (Abyss:2)
  5 dire elephant simulacra
  2 ushabtiu (Zig:18)
  2 wyverns (Lair:3)
  2 fire elementals (Elf:2)
  37 yaks
  An alligator snapping turtle simulacrum (Coc:2)
  9 wraiths
  3 steam dragons
  14 wargs
  63 redbacks
  8 basilisks
  2 golden eyes (Pan)
  2 vampire mosquitoes (D:13)
  17 neqoxecs
  10 harpy simulacra
  A glowing shapeshifter zombie (Hell)
  6 chaos spawn (Pan)
  3 hydra simulacra
  16 swamp worms
  A naga zombie (Crypt:3)
  Duvessa (D:6)
  2 acid dragons
  4 hell hounds
  21 water moccasins
  3 black bears
  2 glowing shapeshifter skeletons
  6 swamp drakes
  A water nymph skeleton (Crypt:2)
  An ogre skeleton (Vaults:3)
  25 orc warriors
  3 ettin simulacra
  A snapping turtle zombie (Crypt:1)
  An ice beast (shapeshifter) (Elf:2)
  A dream sheep zombie (Crypt:2)
  15 ogres
  4 small abominations
  27 laughing skulls
  32 wolves
  6 boggarts
  A dream sheep skeleton (Crypt:1)
  A lemure (D:8)
  A phantom (D:6)
  14 centaurs
  6 kobold brigands
  2 weeping skulls
  11 necrophages
  13 bullfrogs
  A gnoll sergeant (D:9)
  3 scorpions
  4 earth elementals
  2 naga simulacra (Coc:3)
  Dowan (D:6)
  5 wights (D:8)
  4 burial acolytes (Crypt:3)
  2 tengu zombies (Hell)
  11 killer bees
  4 electric eels
  A howler monkey (D:6)
  2 bombardier beetles
  A gnoll bouda (D:6)
  6 hounds
  A jelly (D:7)
  Crazy Yiuf (D:7)
  18 orc priests
  A black bear zombie (Crypt:2)
  2 sleepcaps (D:7)
  31 orc wizards
  5 hell rats (Hell)
  An ogre zombie (Crypt:1)
  A crocodile zombie (Crypt:2)
  14 mummies (Zig:18)
  4 adders
  17 gnolls
  A ribbon worm zombie (Crypt:1)
  4 white imps
  An ufetubus (D:6)
  A jelly zombie (Crypt:2)
  A dart slug (D:3)
  5 ribbon worms
  94 orcs
  4 endoplasms
  2 giant cockroaches
  A gnoll zombie (Crypt:1)
  5 hobgoblins
  6 quokkas
  6 ball pythons
  A ball python zombie (Crypt:1)
  5 bats
  A frilled lizard (D:2)
  A frilled lizard skeleton (Crypt:1)
  5 goblins
  30 kobolds
  6 rats
  6 aspiring fleshes
  6 creeping infernos
  12 fire vortices
  2 starspawn tentacles (Abyss:3)
  3 tentacles (Hell)
3581 creatures vanquished.

Vanquished Creatures (others)
  An eldritch tentacle (WizLab)
  A fenstrider witch (Pan)
  4 shard shrike simulacra (Coc:7)
  A demonspawn blood saint (Pan)
  A black draconian (Depths:4)
  A bunyip (Zig:15)
  3 eleionomae (Zig:15)
  An iron golem (Dis:5)
  A blizzard demon (Pan)
  A shambling mangrove (Zig:15)
  A hydra (Zig:15)
  3 juggernaut simulacra (Coc:7)
  3 alligators (Zig:15)
  A crystal echidna (Dis:5)
  A sixfirhy (Pan)
  A goliath frog (Swamp:2)
  A spriggan simulacrum (Coc:7)
  2 deep elf pyromancers
  A will-o-the-wisp (Swamp:2)
  A hellion (Geh:4)
  4 bloated husks
  5 hornets (Zig:15)
  An iron dragon simulacrum (Coc:7)
  A spriggan (Zig:15)
  2 ynoxinuls (Pan)
  3 harpy simulacra
  An ettin simulacrum (Coc:3)
  An ogre (Zig:9)
  2 orc priests
  An orc wizard (D:13)
  An ufetubus (D:6)
  2 orcs (Orc:2)
  A fire vortex (Geh:7)
  10 foxfires
  3 starspawn tentacles
  15 tentacles (Hell)
83 creatures vanquished.

Grand Total: 3664 creatures vanquished

Notes
Turn   | Place    | Note
-------+----------+-------------------------------------------
     0 | D:1      | Bnni the Vine Stalker Fighter began the quest for the Orb.
     0 | D:1      | Reached XP level 1. HP: 11/11 MP: 2/2
   511 | D:1      | Reached XP level 2. HP: 16/16 MP: 3/3
  1152 | D:2      | Reached XP level 3. HP: 19/19 MP: 4/4
  1638 | D:2      | Found a faded altar of an unknown god.
  1652 | D:2      | Found a faded altar of an unknown god.
  1776 | D:2      | Reached XP level 4. HP: 24/24 MP: 5/5
  1825 | D:3      | Reached XP level 5. HP: 25/28 MP: 4/6
  2459 | D:4      | Reached XP level 6. HP: 14/33 MP: 7/7
  2529 | D:4      | Noticed a steam dragon
  2543 | D:4      | Killed a steam dragon
  2579 | D:4      | Reached skill level 5 in Short Blades
  2579 | D:4      | Reached XP level 7. HP: 37/37 MP: 8/8
  2625 | D:4      | Identified the +0 pair of gloves "Seicru" {rElec}
  2944 | D:5      | Entered Level 5 of the Dungeon
  3312 | D:5      | Reached skill level 5 in Fighting
  3321 | D:5      | Gained mutation: You have razor-sharp teeth. [Vine Stalker
                  | growth]
  3321 | D:5      | Reached XP level 8. HP: 24/43 MP: 3/9
  3478 | D:5      | Noticed Sigmund
  3496 | D:5      | Killed Sigmund
  4103 | D:6      | HP: 2/44 [burnt (3)]
  4197 | D:6      | Identified the +6 chain mail of Cowardice {Rampage rElec
                  | rCorr MP+9}
  4291 | D:6      | Reached skill level 1 in Stealth
  4291 | D:6      | Reached XP level 9. HP: 48/48 MP: 10/10
  4375 | D:6      | Found a staircase to the Ecumenical Temple.
  4384 | Temple   | Found a transporter.
  4384 | Temple   | Found a transporter.
  4384 | Temple   | Found a transporter.
  4384 | Temple   | Found a transporter.
  4384 | Temple   | Entered the Ecumenical Temple
  4400 | Temple   | Became a worshipper of Uskayaw the Reveller
  4489 | D:6      | Noticed Grinder
  4495 | D:6      | Reached * piety under Uskayaw
  4497 | D:6      | Reached ** piety under Uskayaw
  4507 | D:6      | Killed Grinder
  4507 | D:6      | Reached *** piety under Uskayaw
  4508 | D:6      | Reached skill level 1 in Invocations
  4635 | D:6      | Found Xosurele's Armour Emporium.
  4638 | D:6      | Bought a +0 pair of boots of flying for 161 gold pieces
  4870 | D:6      | Noticed Duvessa
  4883 | D:6      | Killed Duvessa
  4894 | D:6      | Noticed Dowan
  4902 | D:6      | Killed Dowan
  5024 | D:7      | Reached skill level 2 in Invocations
  5260 | D:7      | Noticed Joseph
  5282 | D:7      | Killed Joseph
  5294 | D:7      | Found a runed translucent door.
  5297 | D:7      | Noticed Crazy Yiuf
  5305 | D:7      | Killed Crazy Yiuf
  5528 | D:7      | Reached skill level 3 in Invocations
  5591 | D:7      | Reached **** piety under Uskayaw
  5841 | D:7      | Reached XP level 10. HP: 41/55 MP: 13/13
  5872 | D:7      | Noticed Maggie
  5893 | D:7      | Killed Maggie
  5951 | D:7      | Learned a level 1 spell: Apportation
  5991 | D:8      | Reached skill level 5 in Stealth
  6124 | D:8      | Noticed Pikel
  6148 | D:8      | Killed Pikel
  6149 | D:8      | Reached skill level 4 in Invocations
  6184 | D:8      | Reached skill level 10 in Short Blades
  6201 | D:8      | Reached ***** piety under Uskayaw
  6882 | D:9      | Reached skill level 5 in Invocations
  6945 | D:9      | Found a staircase to the Orcish Mines.
  7030 | D:9      | Found an iron altar of Okawaru.
  7031 | D:9      | Noticed a kobold demonologist
  7031 | D:9      | Noticed a kobold demonologist
  7034 | D:9      | Found a shadowy altar of Dithmenos.
  7051 | D:9      | Killed a kobold demonologist
  7052 | D:9      | Killed a kobold demonologist
  7053 | D:9      | Reached skill level 6 in Invocations
  7068 | D:9      | Found a burning altar of Makhleb.
  7157 | D:9      | Noticed a kobold demonologist
  7159 | D:9      | Noticed a kobold demonologist
  7172 | D:9      | Killed a kobold demonologist
  7173 | D:9      | Reached XP level 11. HP: 43/60 MP: 16/16
  7429 | D:9      | Reached skill level 7 in Invocations
  7713 | D:10     | Entered Level 10 of the Dungeon
  7713 | D:10     | Noticed Nergalle
  7738 | D:10     | Killed Nergalle
  7807 | D:10     | Noticed a boulder beetle
  7830 | D:10     | Killed a boulder beetle
  7955 | D:10     | Noticed a centaur warrior
  7971 | D:10     | Killed a centaur warrior
  7972 | D:10     | Reached skill level 5 in Shields
  8032 | D:10     | Found a staircase to the Lair.
  8033 | D:10     | Noticed Maurice
  8159 | D:10     | Something stole a +1 short sword of holy wrath
  8163 | D:10     | Something stole 28 poisoned darts
  8170 | D:10     | Something stole 191 gold
  8175 | D:10     | Killed Maurice
  8176 | D:10     | Reached skill level 8 in Invocations
  8521 | D:10     | Noticed Harold
  8541 | D:10     | Killed Harold
  8546 | D:10     | Identified the +8 dagger of Mudexah {freeze, MP+9 Int-2
                  | Dex+8 Stlth+}
  8660 | D:11     | Noticed a cyclops
  8666 | D:11     | Killed a cyclops
  8676 | D:11     | Noticed a white ugly thing
  8691 | D:11     | Killed a white ugly thing
  8762 | D:11     | Noticed a two-headed ogre
  8764 | D:11     | Killed a two-headed ogre
  8771 | D:11     | Reached XP level 12. HP: 65/65 MP: 19/19
  8924 | D:11     | Reached skill level 9 in Invocations
  9110 | D:11     | Noticed a boulder beetle
  9132 | D:11     | Killed a boulder beetle
  9636 | D:12     | Noticed a two-headed ogre
  9644 | D:12     | Killed a two-headed ogre
  9664 | D:12     | Noticed a two-headed ogre
  9674 | D:12     | Killed a two-headed ogre
  9675 | D:12     | Reached skill level 1 in Dodging
 10365 | D:13     | Noticed a centaur warrior
 10372 | D:13     | Killed a centaur warrior
 10436 | D:13     | Found a transporter.
 10440 | D:13     | Noticed a centaur warrior
 10445 | D:13     | Noticed a two-headed ogre
 10449 | D:13     | Killed a centaur warrior
 10453 | D:13     | Reached skill level 10 in Invocations
 10461 | D:13     | Killed a two-headed ogre
 10462 | D:13     | Reached skill level 10 in Stealth
 10470 | D:13     | Found a gate to the Vaults.
 10470 | D:13     | Noticed a vault guard
 10473 | D:13     | Killed a vault guard
 10647 | D:13     | Noticed Frances
 10656 | D:13     | Killed Frances
 10657 | D:13     | Reached XP level 13. HP: 70/70 MP: 21/21
 10791 | D:13     | Found a transporter.
 11408 | D:13     | Noticed a rakshasa
 11409 | D:13     | Noticed a war gargoyle
 11414 | D:13     | Noticed a sphinx
 11416 | D:13     | Noticed a storm dragon
 11433 | D:13     | Killed a sphinx
 11443 | D:13     | Killed a storm dragon
 11446 | D:13     | Reached skill level 10 in Fighting
 11446 | D:13     | Reached skill level 11 in Invocations
 11453 | D:13     | Killed a war gargoyle
 11456 | D:13     | Reached ****** piety under Uskayaw
 11488 | D:13     | Killed a rakshasa
 11521 | D:13     | Identified the +1 whip "Qargh" {antimagic, rF++ Str-3}
 11530 | D:13     | Identified the amulet of Symmetry {Spirit ^Fragile rElec
                  | Int+5}
 11546 | D:13     | Identified the ring of the Decaying Lemon {*Corrode Will+++
                  | Str+2 SInv}
 11718 | D:14     | Reached XP level 14. HP: 77/77 MP: 23/23
 11777 | D:14     | Reached skill level 5 in Armour
 12053 | D:14     | Found an ornate altar of the Wu Jian Council.
 12363 | D:15     | Entered Level 15 of the Dungeon
 12366 | D:15     | Identified the +6 trident "Noqea" {speed, Int+3 Dex+3
                  | Stlth+}
 12369 | D:15     | Found a transporter.
 12374 | D:15     | Found a transporter.
 12380 | D:15     | Reached skill level 10 in Shields
 12422 | D:15     | Reached skill level 12 in Invocations
 12440 | D:15     | Found a transporter.
 12443 | D:15     | Found a transporter.
 13234 | D:15     | Found a staircase to the Depths.
 13578 | Lair:1   | Entered Level 1 of the Lair of Beasts
 14519 | Lair:2   | Reached skill level 5 in Dodging
 14522 | Lair:2   | Reached XP level 15. HP: 72/81 MP: 25/25
 14627 | Lair:2   | Reached skill level 13 in Invocations
 15539 | Lair:3   | Found a staircase to the Swamp.
 15879 | Lair:3   | Found a hole to the Spider Nest.
 17216 | Lair:5   | Entered Level 5 of the Lair of Beasts
 17291 | Lair:5   | Found a staircase to the Slime Pits.
 17348 | Lair:5   | Reached XP level 16. HP: 69/88 MP: 27/27
 17430 | Lair:5   | Reached skill level 14 in Invocations
 17703 | Lair:5   | Paralysed by a hornet for 1 turns
 17847 | Lair:5   | Found the +3 pair of seven-league boots {Rampage+∞}
 17881 | Lair:5   | Paralysed by a hornet for 3 turns
 18002 | Lair:5   | Found the +5 moon troll leather armour {Spirit, Regen++
                  | MP+5}
 18579 | Orc:1    | Entered Level 1 of the Orcish Mines
 18801 | Orc:2    | Entered Level 2 of the Orcish Mines
 18863 | Orc:2    | Paralysed by an orc sorcerer for 3 turns
 19065 | Orc:2    | Found Lecruj's Book Emporium.
 19094 | Orc:2    | Found Oshus's Armour Shoppe.
 19152 | Orc:2    | Found Homallin's Antique Weapon Shoppe.
 19446 | Orc:2    | Found a staircase to the Elven Halls.
 19778 | Orc:2    | Bought the +2 cloak "Vyoxal" {+Blink rF+ Str+2 Int-4} for
                  | 406 gold pieces
 19803 | Orc:2    | Bought the Disquisition on Hyperbolic Gases for 640 gold
                  | pieces
 19806 | Orc:2    | Learned a level 2 spell: Blink
 19811 | Orc:2    | Learned a level 4 spell: Vhi's Electric Charge
 19972 | Spider:1 | Entered Level 1 of the Spider Nest
 20426 | Spider:1 | Reached XP level 17. HP: 93/93 MP: 29/29
 20629 | Spider:2 | Reached skill level 15 in Invocations
 21243 | Spider:2 | Noticed Asterion
 21266 | Spider:2 | Killed Asterion
 21859 | Spider:3 | Noticed Mlioglotl
 21868 | Spider:3 | Killed Mlioglotl
 22048 | Spider:3 | Noticed Jorgrun
 22065 | Spider:3 | Killed Jorgrun
 22108 | Spider:3 | Noticed Mara
 22144 | Spider:3 | Noticed Bnni's illusion
 22233 | Spider:3 | Noticed Bnni's illusion
 22355 | Spider:3 | Killed Mara
 22478 | Spider:4 | Entered Level 4 of the Spider Nest
 22750 | Spider:4 | Reached XP level 18. HP: 65/99 MP: 26/30
 22775 | Spider:4 | Reached skill level 15 in Stealth
 22841 | Spider:4 | Reached skill level 16 in Invocations
 23178 | Spider:4 | Noticed Arachne
 23197 | Spider:4 | Killed Arachne
 24008 | Spider:4 | Got a gossamer rune of Zot
 24226 | Swamp:1  | Entered Level 1 of the Swamp
 24823 | Swamp:2  | Paralysed by a hornet for 3 turns
 25179 | Swamp:2  | Identified the +1 ring mail "Qeawnel" {rPois Dex+2}
 25325 | Swamp:3  | Reached XP level 19. HP: 98/104 MP: 32/32
 25535 | Swamp:3  | Reached skill level 15 in Shields
 25820 | Swamp:3  | Reached skill level 17 in Invocations
 25832 | Swamp:3  | Identified the +2 leather armour of Fun and Games {Will+}
 26250 | Swamp:4  | Entered Level 4 of the Swamp
 26824 | Swamp:4  | Got a decaying rune of Zot
 27175 | Elf:1    | Entered Level 1 of the Elven Halls
 27302 | Elf:1    | Found a magical portal.
 27307 | WizLab   | Entered The Roulette of Golubria
 27307 | WizLab   | Found a transporter.
 27310 | WizLab   | Found a corrupted altar of Lugonu.
 27333 | WizLab   | Found a transporter.
 27342 | WizLab   | Found a transporter.
 27365 | WizLab   | Found a transporter.
 27406 | WizLab   | Found a corrupted altar of Lugonu.
 27469 | WizLab   | Found a transporter.
 27470 | WizLab   | Found a transporter.
 27486 | WizLab   | Found a corrupted altar of Lugonu.
 27486 | WizLab   | Found a transporter.
 27681 | WizLab   | Found a corrupted altar of Lugonu.
 27683 | WizLab   | Found a transporter.
 27687 | WizLab   | Found a corrupted altar of Lugonu.
 27687 | WizLab   | Found a corrupted altar of Lugonu.
 27693 | WizLab   | Found a transporter.
 27782 | WizLab   | Found a transporter.
 27795 | WizLab   | Reached skill level 10 in Armour
 27803 | WizLab   | Found a transporter.
 27817 | WizLab   | Lost intelligence.
 27976 | WizLab   | Identified the +0 cloak of Hedging {rF+ rC+ Int+4}
 28009 | WizLab   | Identified the +2 cloak of Exclusion {Str+8}
 28013 | WizLab   | Identified the +0 cloak "Jywust" {-Cast Harm rPois Dex+3}
 28021 | WizLab   | Got Golubria's Omnibus of Locality
 28024 | WizLab   | Identified the +1 cloak of Autotheism {Will+}
 28065 | WizLab   | Found a transporter.
 28065 | WizLab   | Found a transporter.
 28080 | WizLab   | Found a transporter.
 28080 | WizLab   | Found a transporter.
 28113 | WizLab   | Found a transporter.
 28128 | WizLab   | Reached skill level 18 in Invocations
 28167 | WizLab   | Found a transporter.
 28222 | WizLab   | Found a transporter.
 28222 | WizLab   | Found a transporter.
 28225 | WizLab   | Noticed a profane servitor
 28239 | WizLab   | Killed a profane servitor
 28240 | WizLab   | Reached XP level 20. HP: 99/110 MP: 34/34
 28542 | Elf:1    | Found Fere's Distillery.
 28550 | Elf:1    | Bought a potion of cancellation for 136 gold pieces
 28550 | Elf:1    | Bought a potion of invisibility for 136 gold pieces
 28677 | Elf:1    | Found Sadinef's Book Emporium.
 29242 | Elf:2    | Found a runed translucent gate.
 29242 | Elf:2    | Found a runed translucent gate.
 29258 | Elf:2    | Found a runed translucent gate.
 29276 | Elf:2    | Noticed Ysawn's ghost (adept DgIE)
 29302 | Elf:2    | Killed Ysawn's ghost
 29329 | Elf:2    | Identified the +2 cloak of Noon {rPois Dex-2 Slay+5 SInv}
 29376 | Elf:2    | Paralysed by an air elemental for 1 turns
 29608 | Elf:2    | Found a runed translucent gate.
 29609 | Elf:2    | Found a runed translucent gate.
 29609 | Elf:2    | Found a runed translucent gate.
 30061 | Elf:2    | Reached skill level 10 in Dodging
 30245 | Elf:3    | Entered Level 3 of the Elven Halls
 30312 | Elf:3    | Found Qypidug's One-of-a-Kind Rings.
 30321 | Elf:3    | Bought the ring "Hyenogei" {Str+2 Dex+3 Slay+4} for 1432
                  | gold pieces
 31658 | Elf:3    | Identified the ring of Cuoklin {Will+ rCorr Dex+4}
 31912 | Elf:3    | Identified the +7 dagger of Defence by Offence {antimagic,
                  | rF+}
 31922 | Elf:3    | Identified the +1 robe of Wu Jian's Anger {Harm rF+++ rC-
                  | Stlth-}
 31932 | Elf:3    | Reached skill level 19 in Invocations
 31932 | Elf:3    | Reached XP level 21. HP: 116/116 MP: 35/35
 32000 | Elf:3    | Got Uxod's Discourse on Altered Glaciation
 32007 | Elf:3    | Got the Catalogue of Air
 32076 | Elf:3    | Identified the +0 chain mail "Iqarez" {rF+++ Will+ Dex+5}
 32555 | Depths:1 | Entered Level 1 of the Depths
 32709 | Depths:1 | Found a gateway to Hell.
 32852 | Depths:1 | Identified the +5 chain mail "Forget-Me-Not" {rCorr Int+3}
 32866 | Depths:1 | Found a hazy altar of Hepliaklqana.
 33484 | Depths:2 | Found Illiathru's Specific Store.
 33486 | Depths:2 | Found Serch's General Store.
 33495 | Depths:2 | Found a one-way gate leading to the halls of Pandemonium.
 33578 | Depths:2 | Found a one-way gateway to a ziggurat.
 33603 | Depths:2 | Noticed Saint Roka
 33609 | Depths:2 | Killed Saint Roka
 34059 | Depths:2 | Noticed a golden dragon
 34063 | Depths:2 | Killed a golden dragon
 34078 | Depths:2 | Identified the staff "Nouk Xia" {^Drain +Blink Dex+3 Conj}
 34242 | Depths:3 | Noticed Parghit
 34255 | Depths:3 | Killed Parghit
 34448 | Depths:3 | Found a one-way gate to the infinite horrors of the Abyss.
 34511 | Depths:3 | Reached XP level 22. HP: 117/121 MP: 36/36
 34624 | Depths:3 | Identified the +0 chain mail of a ziggurat {Int+2 Dex+3}
 34714 | Depths:3 | Found a runed translucent door.
 34716 | Depths:3 | Noticed a golden dragon
 34747 | Depths:3 | Reached skill level 15 in Fighting
 34748 | Depths:3 | Identified the ring of the Scorching Madman {*Corrode EV+5
                  | Dex+9}
 35340 | Depths:3 | Reached skill level 20 in Invocations
 35342 | Depths:3 | Killed a golden dragon
 35344 | Depths:3 | Identified the +10 plate armour of the Unicorn {rElec
                  | Dex+3}
 35486 | Depths:4 | Entered Level 4 of the Depths
 35585 | Depths:4 | Found Ypagamo's Magic Scroll Boutique.
 35599 | Depths:4 | Bought a scroll of identify for 40 gold pieces
 35599 | Depths:4 | Bought a scroll of identify for 40 gold pieces
 35620 | Depths:4 | Found a gate to the Realm of Zot.
 35674 | Depths:4 | Got a midnight gem with 43 turns to spare
 35717 | Depths:4 | Noticed Mennas
 35734 | Depths:4 | Killed Mennas
 35979 | Depths:4 | Noticed a golden dragon
 35985 | Depths:4 | Killed a golden dragon
 36468 | Vaults:1 | Entered Level 1 of the Vaults
 36730 | Slime:1  | Entered Level 1 of the Pits of Slime
 36732 | Slime:1  | You fall into a shaft and drop 1 floor!
 36852 | Slime:5  | Entered Level 5 of the Pits of Slime
 37103 | Slime:5  | Found a viscous altar of Jiyva.
 37103 | Slime:5  | Noticed the Royal Jelly
 37112 | Slime:5  | Reached XP level 23. HP: 126/126 MP: 38/38
 37112 | Slime:5  | Killed the Royal Jelly
 37138 | Slime:5  | Got a starry gem with 280 turns to spare
 37140 | Slime:5  | Got a slimy rune of Zot
 37177 | Slime:5  | Got the Grimoire of the Cumulonimbus and Damage
 37202 | Slime:5  | Got the Atlas of Sweltering Shifting
 37203 | Slime:5  | Identified the +9 spear "Taegholu" {flame, rF+ Int+5}
 37207 | Slime:5  | Identified the +5 mace "Heunneu" {antimagic, *Corrode rC+
                  | Int+4 Dex+4}
 37210 | Slime:5  | Identified the +6 orcbow of the Eel {drain, rF+}
 38109 | Slime:3  | Gained mutation: You are dopey. (Int -2) [a shining eye]
 38117 | Slime:3  | Gained mutation: You are frail. (-10% HP) [a shining eye]
 38118 | Slime:3  | Gained mutation: You expend magic power (3 MP) to
                  | strengthen your wands. [a shining eye]
 38658 | Vaults:2 | Found Batohots's Antique Armour Emporium.
 38738 | Vaults:2 | Found Fanyra's Jewellery Shop.
 39174 | Vaults:3 | Reached skill level 21 in Invocations
 39454 | Vaults:5 | Entered Level 5 of the Vaults
 39469 | Vaults:5 | Lost mutation: You are frail. (-10% HP) [potion of
                  | mutation]
 39469 | Vaults:5 | Lost mutation: You expend magic power (3 MP) to strengthen
                  | your wands. [potion of mutation]
 39469 | Vaults:5 | Gained mutation: You are strong-willed. (Will+) [potion of
                  | mutation]
 39469 | Vaults:5 | Gained mutation: You occasionally lose the ability to read
                  | scrolls when taking damage. [potion of mutation]
 39488 | Vaults:5 | Noticed a golden dragon
 39489 | Vaults:5 | Killed a golden dragon
 39533 | Vaults:5 | Found the +5 scythe "Finisher" {speed, execute}
 39540 | Vaults:5 | Reached XP level 24. HP: 110/133 MP: 38/38
 39952 | Vaults:5 | Identified the +5 halberd of Kojeyr {elec, rN+ Will+}
 40245 | Vaults:5 | Got a silver rune of Zot
 40247 | Vaults:5 | Got a shining gem with 2118 turns to spare
 40378 | Vaults:5 | Learned a level 4 spell: Manifold Assault
 40381 | Vaults:5 | Learned a level 2 spell: Lesser Beckoning
 40477 | Vaults:5 | Identified the +3 trident "Uroelyle" {freeze, rF+ MP+9}
 41447 | Vaults:4 | Reached skill level 22 in Invocations
 41511 | Vaults:4 | Reached XP level 25. HP: 130/137 MP: 39/39
 42041 | Vaults:3 | Found a staircase to the Crypt.
 42041 | Vaults:3 | Found an ancient bone altar of Kikubaaqudgha.
 42042 | Vaults:3 | Found a basalt altar of Yredelemnul.
 42050 | Crypt:1  | Entered Level 1 of the Crypt
 42068 | Crypt:1  | Identified the +7 scale mail "Kuogim" {Int+2 Dex+3}
 42172 | Crypt:3  | Entered Level 3 of the Crypt
 42279 | Crypt:3  | Found a basalt altar of Yredelemnul.
 42395 | Crypt:3  | Identified the +3 giant spiked club "Jotaapp" {freeze, rF-
                  | Will+ Int+6 Stlth+}
 42459 | Crypt:3  | Found a staircase to the Tomb.
 42476 | Crypt:3  | Got an ivory gem with 1461 turns to spare
 42487 | Crypt:3  | Identified the +0 plate armour of the Distant Future {Str+4
                  | Int+2}
 42509 | Crypt:3  | Got the Omnibus of Stolen Souls
 42564 | Crypt:3  | Reached skill level 1 in Translocations
 43006 | Crypt:3  | Identified the ring of Kiupeots {rN+ Will+}
 43006 | Crypt:3  | Identified the ring of Erinyki {rN+ Str+5}
 44005 | Crypt:1  | Found an ancient bone altar of Kikubaaqudgha.
 44367 | Vaults:3 | Identified the +6 mace of the Evening {freeze, ^Drain rC++
                  | Dex+2}
 44398 | Vaults:3 | Reached XP level 26. HP: 144/144 MP: 39/39
 44422 | Vaults:3 | Reached skill level 5 in Translocations
 44712 | Vaults:3 | Found the +3 warlock's mirror {omnireflect}
 44941 | Vaults:3 | Identified the ring of Eternity {rPois Will+ Dex+6 Slay+2}
 45098 | Vaults:2 | Found Jimpu's Armour Shoppe.
 45214 | Vaults:2 | Found Koirut's Antique Armour Boutique.
 45676 | Vaults:1 | Found Gozag's Antique Weapon Shoppe.
 45678 | Vaults:1 | Found Gozag's Antique Armour Shoppe.
 45690 | Vaults:1 | Found an opulent altar of Gozag.
 45698 | Vaults:1 | Found Gozag's Antique Armour Emporium.
 45707 | Vaults:1 | Reached skill level 23 in Invocations
 45853 | Vaults:1 | Bought a runed helmet for 750 gold pieces
 46368 | Depths:3 | Voluntarily entered the Abyss.
 46381 | Abyss:1  | Found a corrupted altar of Lugonu.
 46413 | Abyss:2  | Found a corrupted altar of Lugonu.
 46435 | Abyss:2  | Found a shimmering altar of Xom.
 46435 | Abyss:2  | Found a shimmering altar of Xom.
 46435 | Abyss:2  | Found a shimmering altar of Xom.
 46435 | Abyss:2  | Found a shimmering altar of Xom.
 46436 | Abyss:2  | Found a shimmering altar of Xom.
 46436 | Abyss:2  | Found a shimmering altar of Xom.
 46437 | Abyss:2  | Found a corrupted altar of Lugonu.
 46437 | Abyss:2  | Found a shimmering altar of Xom.
 46438 | Abyss:2  | Found a shimmering altar of Xom.
 46439 | Abyss:2  | Found a shimmering altar of Xom.
 46439 | Abyss:2  | Found a shimmering altar of Xom.
 46439 | Abyss:2  | Found a shimmering altar of Xom.
 46439 | Abyss:2  | Found a shimmering altar of Xom.
 46439 | Abyss:2  | Found a shimmering altar of Xom.
 46439 | Abyss:2  | Found a shimmering altar of Xom.
 46439 | Abyss:2  | Found a shimmering altar of Xom.
 46440 | Abyss:2  | Found a shimmering altar of Xom.
 46593 | Abyss:3  | Reached skill level 1 in Air Magic
 46615 | Abyss:3  | Got an abyssal rune of Zot
 46773 | Depths:3 | Escaped the Abyss
 46799 | Hell     | Entered the Vestibule of Hell
 46799 | Hell     | Noticed Geryon
 46811 | Hell     | Killed Geryon
 46879 | Hell     | Found a gateway to the decaying netherworld of Tartarus.
 47057 | Hell     | Found a gateway to the ashen valley of Gehenna.
 47171 | Hell     | Found a gateway to the freezing wastes of Cocytus.
 47385 | Hell     | Found a gateway to the Iron City of Dis.
 47525 | Dis:1    | Entered Level 1 of the Iron City of Dis
 47765 | Dis:4    | Reached XP level 27. HP: 148/150 MP: 39/39
 47904 | Dis:5    | Reached skill level 5 in Air Magic
 47938 | Dis:5    | Reached skill level 1 in Spellcasting
 48312 | Dis:5    | Learned a level 3 spell: Swiftness
 48313 | Dis:6    | Noticed a juggernaut
 48336 | Dis:6    | Killed a juggernaut
 48366 | Dis:7    | Entered Level 7 of the Iron City of Dis
 48778 | Dis:7    | Identified a scroll of acquirement
 48795 | Dis:7    | Acquired 1110 gold pieces
 49045 | Dis:7    | Reached skill level 5 in Spellcasting
 49082 | Dis:7    | Noticed a juggernaut
 49091 | Dis:7    | Killed a juggernaut
 49204 | Dis:7    | Reached skill level 10 in Translocations
 49204 | Dis:7    | Reached skill level 24 in Invocations
 49558 | Dis:7    | Identified the staff of Ambiguity {rElec Ice Air}
 49696 | Dis:7    | Noticed a juggernaut
 49718 | Dis:7    | Killed a juggernaut
 50048 | Dis:7    | Noticed Dispater
 50049 | Dis:7    | Killed Dispater
 50049 | Dis:7    | Found the +8 whip "Snakebite" {venom, curare, rPois}
 50072 | Dis:7    | Got an iron rune of Zot
 50073 | Dis:7    | Identified the +0 scale mail of Archi {rF- Str+3 Int+5}
 50079 | Dis:7    | Noticed a juggernaut
 50096 | Dis:7    | Killed a juggernaut
 50290 | Geh:1    | Entered Level 1 of Gehenna
 50329 | Geh:1    | Learned a level 4 spell: Passage of Golubria
 50939 | Geh:7    | Entered Level 7 of Gehenna
 51059 | Geh:7    | Reached skill level 15 in Armour
 51068 | Geh:7    | Noticed the Serpent of Hell
 51077 | Geh:7    | Killed the Serpent of Hell
 51142 | Geh:7    | Noticed an ancient lich
 51162 | Geh:7    | Killed an ancient lich
 51216 | Geh:7    | Found the +13 sceptre of Asmodeus
 51216 | Geh:7    | Noticed Asmodeus
 51217 | Geh:7    | Killed Asmodeus
 51238 | Geh:7    | Got an obsidian rune of Zot
 51314 | Geh:7    | Identified the +1 robe of Repulsion {Regen+}
 51334 | Geh:7    | Identified the +1 helmet of Dogmatism {rF+ SInv}
 51346 | Geh:7    | Identified the +0 dagger of Izerghog {antimagic, rElec
                  | rCorr SInv}
 51605 | Geh:7    | Reached skill level 10 in Air Magic
 51790 | Tar:1    | Entered Level 1 of Tartarus
 51849 | Tar:2    | You fall into a shaft and drop 2 floors!
 51973 | Tar:6    | Reached skill level 25 in Invocations
 52017 | Tar:6    | Reached skill level 15 in Dodging
 52029 | Tar:6    | Reached skill level 10 in Spellcasting
 52204 | Tar:6    | Noticed a dread lich
 52205 | Tar:6    | Noticed a dread lich
 52205 | Tar:6    | Noticed an ancient lich
 52206 | Tar:6    | Noticed an ancient lich
 52207 | Tar:6    | Noticed a dread lich
 52210 | Tar:6    | Noticed a dread lich
 52221 | Tar:6    | Killed an ancient lich
 52222 | Tar:6    | Killed a dread lich
 52222 | Tar:6    | Killed a dread lich
 52223 | Tar:6    | Killed a dread lich
 52231 | Tar:6    | Noticed an ancient lich
 52253 | Tar:6    | Killed a dread lich
 52276 | Tar:6    | Killed an ancient lich
 52277 | Tar:6    | Killed an ancient lich
 52376 | Tar:7    | Entered Level 7 of Tartarus
 52533 | Tar:7    | Identified the +4 shortbow of Use Wez {freeze, rElec Str+2}
 52534 | Tar:7    | Identified the ring "Nuttyiqi" {rC+ Will++ Int-3}
 52705 | Tar:7    | Identified the ring of Noeva {Str+3 Slay+4 SInv}
 52707 | Tar:7    | Identified the +4 rapier of Repazem {heavy, rCorr Int+3
                  | Dex+2}
 52741 | Tar:7    | Noticed a dread lich
 52757 | Tar:7    | Killed a dread lich
 52881 | Tar:7    | Identified the +4 halberd of the Middle {flame, rC++}
 52900 | Tar:7    | Identified the +1 war axe "Sipnoucu" {flame, Dex+5}
 52901 | Tar:7    | Identified the +5 robe "Daijuit" {Harm rF+ Str-3 Int+5}
 52941 | Tar:7    | Noticed an ancient lich
 52949 | Tar:7    | Killed an ancient lich
 53069 | Tar:7    | Noticed a dread lich
 53081 | Tar:7    | Killed a dread lich
 53108 | Tar:7    | Noticed Ereshkigal
 53109 | Tar:7    | Killed Ereshkigal
 53316 | Tar:7    | Got a bone rune of Zot
 53412 | Tar:7    | Got the Verses on Excavation and Coordinates
 53414 | Tar:7    | Identified the +2 hand axe "Hoigucwi" {pain, MP+9 Str+4
                  | Int+3}
 53567 | Coc:1    | Entered Level 1 of Cocytus
 53887 | Coc:3    | Reached skill level 26 in Invocations
 54032 | Coc:4    | You are sucked into a shaft and drop 2 floors!
 54133 | Coc:7    | Entered Level 7 of Cocytus
 54147 | Coc:7    | Paralysed by a wendigo for 1 turns
 54225 | Coc:7    | Paralysed by a wendigo for 1 turns
 54237 | Coc:7    | Paralysed by a wendigo for 1 turns
 54626 | Coc:7    | Paralysed by a wendigo for 1 turns
 54816 | Coc:7    | Noticed Antaeus
 54827 | Coc:7    | Killed Antaeus
 54871 | Coc:7    | Got an icy rune of Zot
 55002 | Pan      | Entered Pandemonium
 55013 | Pan      | Noticed Ohak the pandemonium lord
 55016 | Pan      | Killed Ohak the pandemonium lord
 55136 | Pan      | Noticed Menelaif the pandemonium lord
 55146 | Pan      | Killed Menelaif the pandemonium lord
 55354 | Pan      | Noticed Kemod the pandemonium lord
 55379 | Pan      | Killed Kemod the pandemonium lord
 55404 | Pan      | Reached skill level 27 in Invocations
 55521 | Pan      | Found an opulent altar of Gozag.
 55523 | Pan      | Found Foseam Poda's Fine Accessories.
 55550 | Pan      | Found an opulent altar of Gozag.
 55569 | Pan      | Found Foseam Poda's Quality Elixirs.
 55569 | Pan      | Noticed Foseam Poda the pandemonium lord
 55571 | Pan      | Killed Foseam Poda the pandemonium lord
 55571 | Pan      | Found Foseam Poda's Demonic Rune Trove.
 55571 | Pan      | Found an opulent altar of Gozag.
 55619 | Pan      | Bought a demonic rune of Zot for 7955 gold pieces
 55636 | Pan      | Found Foseam Poda's Exquisite Manuscripts.
 55644 | Pan      | Bought 2 scrolls of enchant weapon for 285 gold pieces
 56171 | Pan      | Identified the +0 pair of gloves of the Zebrataur {rCorr}
 56250 | Pan      | Entered the realm of Gloorx Vloq.
 56274 | Pan      | Noticed Gloorx Vloq
 56277 | Pan      | Killed Gloorx Vloq
 56395 | Pan      | Got a dark rune of Zot
 56539 | Pan      | Found an exit through the horrors of the Abyss.
 56752 | Pan      | Entered the realm of Lom Lobon.
 56857 | Pan      | Noticed Lom Lobon
 56867 | Pan      | Killed Lom Lobon
 56914 | Pan      | Got a magical rune of Zot
 56997 | Pan      | Noticed Ignacio
 57030 | Pan      | Killed Ignacio
 57160 | Pan      | Entered the realm of Cerebov.
 57310 | Pan      | Identified the +7 spear of Wariness {freeze, Will+ Dex+3}
 57422 | Pan      | Identified the +4 rapier of the Desolation of Salt {venom,
                  | rPois Will- Int+3}
 57522 | Pan      | Got the Incunable of the Snowy Pyromaniac
 57643 | Pan      | Identified the +7 halberd "Huoreb" {distort, rN++ Str+3}
 57647 | Pan      | Got the Incunabulum of Doom
 57743 | Pan      | Found the +6 sword of Cerebov {flame}
 57743 | Pan      | Noticed Cerebov
 57744 | Pan      | Killed Cerebov
 57778 | Pan      | Identified the ring "Coumuoffo" {rElec MP+9 Int+5}
 57781 | Pan      | Identified the +1 trident of True Grit {drain, ^Drain
                  | Will++ Dex+5}
 57815 | Pan      | Got a fiery rune of Zot
 57890 | Pan      | Entered the realm of Mnoleg.
 58003 | Pan      | Noticed Mnoleg
 58004 | Pan      | Killed Mnoleg
 58065 | Pan      | Gained mutation: You are occasionally teleported next to
                  | monsters. [a neqoxec]
 58174 | Pan      | Got a glowing rune of Zot
 58193 | Pan      | Gained mutation: You have hidden genetic defects. [a
                  | neqoxec]
 58243 | Pan      | Identified the +8 trident "Dragonslayer" {freeze, ^Drain
                  | rF+++ Dex+3 SInv}
 58415 | Pan      | Lost mutation: You are dopey. (Int -2) [potion of mutation]
 58415 | Pan      | Lost mutation: You are occasionally teleported next to
                  | monsters. [potion of mutation]
 58415 | Pan      | Lost mutation: You have hidden genetic defects. [potion of
                  | mutation]
 58415 | Pan      | Gained mutation: You are clumsy. (Dex -2) [potion of
                  | mutation]
 58415 | Pan      | Gained mutation: You have a somewhat thin skeletal
                  | structure. (Dex +2, Stealth+) [potion of mutation]
 58697 | Pan      | Gained mutation: You are dopey. (Int -2) [a cacodemon]
 58848 | Pan      | Noticed Vonyrch the pandemonium lord
 58849 | Pan      | Killed Vonyrch the pandemonium lord
 59366 | Pan      | Noticed Ichyde the pandemonium lord
 59371 | Pan      | Killed Ichyde the pandemonium lord
 59402 | Depths:2 | Escaped Pandemonium
 59442 | Zig:1    | Entered Level 1 of a ziggurat
 59464 | Zig:2    | Entered Level 2 of a ziggurat
 59498 | Zig:3    | Entered Level 3 of a ziggurat
 59523 | Zig:4    | Entered Level 4 of a ziggurat
 59561 | Zig:5    | Entered Level 5 of a ziggurat
 59611 | Zig:5    | Identified the +6 flail "Qecayxye" {pain, ^Contam rF+ rC+
                  | rN+}
 59615 | Zig:6    | Entered Level 6 of a ziggurat
 59642 | Zig:7    | Entered Level 7 of a ziggurat
 59667 | Zig:7    | Reached skill level 15 in Spellcasting
 59687 | Zig:7    | Identified the ring of Xizxoh {^Drain rElec rPois rN+}
 59693 | Zig:7    | Identified the ring of Netoduh Ajoth {rC+ Str+6}
 59776 | Zig:8    | Entered Level 8 of a ziggurat
 59800 | Zig:8    | Identified the +0 leather armour of the Bagpipe {^Contam
                  | rElec Regen+}
 59801 | Zig:8    | Identified the +6 trident of Domination {holy, Int+4 SInv}
 59816 | Zig:9    | Entered Level 9 of a ziggurat
 59951 | Zig:10   | Entered Level 10 of a ziggurat
 59967 | Zig:10   | Noticed an ancient lich
 59967 | Zig:10   | Noticed a dread lich
 59996 | Zig:10   | Killed a dread lich
 60008 | Zig:10   | Killed an ancient lich
 60044 | Zig:11   | Entered Level 11 of a ziggurat
 60063 | Zig:11   | Found the +3 Elemental Staff {ele, rElec rF+ rC+ AC+3}
 60107 | Zig:11   | Identified the +6 plate armour of Dawn {Str+3 Dex+3}
 60136 | Zig:11   | Learned a level 3 spell: Fugue of the Fallen
 60137 | Zig:12   | Entered Level 12 of a ziggurat
 60160 | Zig:12   | Reached skill level 1 in Necromancy
 60216 | Zig:12   | Identified the +2 troll leather armour of Quxalles {Harm
                  | Regen+ Slay+3}
 60240 | Zig:13   | Entered Level 13 of a ziggurat
 60470 | Zig:13   | Identified the +7 scale mail of Suosa {rPois rF- Int+7}
 60474 | Zig:13   | Identified the ring "Soxoihuu" {rElec SInv}
 60489 | Zig:14   | Entered Level 14 of a ziggurat
 60506 | Zig:14   | Noticed an ancient lich
 60512 | Zig:14   | Killed an ancient lich
 60522 | Zig:14   | Reached skill level 5 in Necromancy
 60527 | Zig:14   | Identified the ring "Vuef" {rPois EV+5 Int+3}
 60556 | Zig:14   | Identified the +2 falchion of Mosusig {holy, rC+ Str-2
                  | Int+3}
 60560 | Zig:14   | Identified the +7 chain mail of a bazaar {rElec Regen+
                  | Str+8 Int-5}
 60561 | Zig:14   | Identified the staff of Quick Death {+Blink Conj}
 60588 | Zig:15   | Entered Level 15 of a ziggurat
 60677 | Zig:15   | Identified the -1 cloak of Jigsaw {rF- Int+8}
 60689 | Zig:15   | Identified the +6 broad axe of Desuk {freeze, rF+ rC+ rCorr
                  | Int+4}
 60690 | Zig:15   | Identified the amulet "Ewepsepi" {Faith ^Fragile rElec
                  | Str+3 Dex+2}
 60708 | Zig:15   | Identified the staff "Vyllerux" {rF+ rCorr Fire}
 60711 | Zig:15   | Identified the +0 hand axe "Dynim" {venom, rN++}
 60734 | Zig:16   | Entered Level 16 of a ziggurat
 60764 | Zig:16   | Noticed Hunybop the pandemonium lord
 60806 | Zig:16   | Found the necklace of Bloodlust {Fury *Rage Will++ Int-3
                  | Slay+6}
 60810 | Zig:17   | Entered Level 17 of a ziggurat
 60945 | Zig:17   | Found the +7 captain's cutlass {speed, disarm}
 60947 | Zig:17   | Noticed a dread lich
 60947 | Zig:17   | Noticed an ancient lich
 60955 | Zig:17   | Killed a dread lich
 60960 | Zig:17   | Killed an ancient lich
 60981 | Zig:17   | Identified the +6 great mace of Hacleer {flame, Str+5
                  | Stlth+}
 60982 | Zig:17   | Identified the ring "Geqedd" {rN+ SInv}
 60988 | Zig:17   | Identified the +2 leather armour of Zoti {rElec Will+
                  | Str+4}
 61008 | Zig:17   | Got Oliucuc's Folio of the Differential Coals
 61011 | Zig:17   | Identified the amulet "Kyonid" {Acrobat Will+ rCorr Str+6}
 61026 | Zig:17   | Identified the +4 robe of Grace {rElec rN+ MP-9 Str+4}
 61031 | Zig:17   | Identified the +7 falchion of Dululamo {pain, Will+ Int+4}
 61063 | Zig:17   | Lost mutation: You are strong-willed. (Will+) [potion of
                  | mutation]
 61063 | Zig:17   | Lost mutation: You have a somewhat thin skeletal structure.
                  | (Dex +2, Stealth+) [potion of mutation]
 61063 | Zig:17   | Lost mutation: You are clumsy. (Dex -2) [potion of
                  | mutation]
 61063 | Zig:17   | Gained mutation: You are agile. (Dex +4, Str/Int -1)
                  | [potion of mutation]
 61063 | Zig:17   | Gained mutation: Your muscles are strong. (Str +4, Int/Dex
                  | -1) [potion of mutation]
 61064 | Zig:17   | Lost mutation: You are agile. (Dex +4, Str/Int -1) [potion
                  | of mutation]
 61064 | Zig:17   | Lost mutation: You occasionally lose the ability to read
                  | scrolls when taking damage. [potion of mutation]
 61064 | Zig:17   | Lost mutation: Your muscles are strong. (Str +4, Int/Dex
                  | -1) [potion of mutation]
 61064 | Zig:17   | Gained mutation: Your muscles are strong. (Str +4, Int/Dex
                  | -1) [potion of mutation]
 61064 | Zig:17   | Gained mutation: Your body sometimes deteriorates upon
                  | taking damage. [potion of mutation]
 61064 | Zig:17   | Gained mutation: Your flesh is heat resistant. (rF+)
                  | [potion of mutation]
 61064 | Zig:17   | Gained mutation: You are strong-willed. (Will+) [potion of
                  | mutation]
 61065 | Zig:17   | Lost mutation: You are strong-willed. (Will+) [potion of
                  | mutation]
 61065 | Zig:17   | Lost mutation: Your muscles are strong. (Str +4, Int/Dex
                  | -1) [potion of mutation]
 61065 | Zig:17   | Lost mutation: You are dopey. (Int -2) [potion of mutation]
 61065 | Zig:17   | Gained mutation: Armour fits poorly on your strangely
                  | shaped body. [potion of mutation]
 61065 | Zig:17   | Gained mutation: Your magical capacity is low. (-10% MP)
                  | [potion of mutation]
 61065 | Zig:17   | Gained mutation: Your movements are slightly less
                  | encumbered by armour. (ER -2) [potion of mutation]
 61066 | Zig:17   | Lost mutation: Your body sometimes deteriorates upon taking
                  | damage. [potion of mutation]
 61066 | Zig:17   | Lost mutation: Armour fits poorly on your strangely shaped
                  | body. [potion of mutation]
 61066 | Zig:17   | Lost mutation: Your movements are slightly less encumbered
                  | by armour. (ER -2) [potion of mutation]
 61066 | Zig:17   | Gained mutation: Armour fits poorly on your strangely
                  | shaped body. [potion of mutation]
 61066 | Zig:17   | Gained mutation: Your spells are a little harder to cast,
                  | but a little more powerful. [potion of mutation]
 61067 | Zig:17   | Lost mutation: Your spells are a little harder to cast, but
                  | a little more powerful. [potion of mutation]
 61067 | Zig:17   | Lost mutation: Your magical capacity is low. (-10% MP)
                  | [potion of mutation]
 61067 | Zig:17   | Gained mutation: You have large cloven feet. [potion of
                  | mutation]
 61067 | Zig:17   | Gained mutation: You are partially covered in large bone
                  | plates. (SH +4) [potion of mutation]
 61068 | Zig:17   | Lost mutation: Armour fits poorly on your strangely shaped
                  | body. [potion of mutation]
 61068 | Zig:17   | Lost mutation: You are partially covered in large bone
                  | plates. (SH +4) [potion of mutation]
 61068 | Zig:17   | Gained mutation: You are strong-willed. (Will+) [potion of
                  | mutation]
 61068 | Zig:17   | Gained mutation: Your flesh is very heat resistant. (rF++)
                  | [potion of mutation]
 61068 | Zig:17   | Gained mutation: You have hoof-like feet. [potion of
                  | mutation]
 61070 | Zig:18   | Entered Level 18 of a ziggurat
 61094 | Zig:18   | Noticed a royal mummy
 61095 | Zig:18   | Noticed a royal mummy
 61095 | Zig:18   | Noticed a royal mummy
 61096 | Zig:18   | Noticed a royal mummy
 61098 | Zig:18   | Noticed a royal mummy
 61103 | Zig:18   | Noticed a royal mummy
 61103 | Zig:18   | Killed a royal mummy
 61103 | Zig:18   | Killed a royal mummy
 61104 | Zig:18   | HP: 8/161 [something (16)]
 61105 | Zig:18   | Killed a royal mummy
 61113 | Zig:18   | Killed a royal mummy
 61148 | Zig:18   | Killed a royal mummy
 61161 | Zig:18   | Noticed a royal mummy
 61163 | Zig:18   | Noticed a royal mummy
 61174 | Zig:18   | Killed a royal mummy
 61180 | Zig:18   | Killed a royal mummy
 61181 | Zig:18   | HP: 7/162 [ushabti] (4)]
 61181 | Zig:18   | HP: 3/162 [poisoned by an ushabti (dark miasma)]
 61181 | Zig:18   | Killed from afar by a royal mummy

Illustrated notes

Levels and vault maps discovered:
D:1:      minmay_arrival_wavy_path, layout_loops_corners,
          minmay_gold_behind_fungi, chequers_serial_rivers_small_a,
          minmay_surrounded
D:2:      layout_loops_ring, hellmonk_ecumenical_altar_the_god_not_taken
D:3:      layout_rooms
D:4:      layout_basic
D:5:      layout_cave_pods, dk_noncrumbling_3,
          serial_library_hellmonk_hallway_a, uniq_sigmund
D:6:      layout_gridville, minmay_temple_entry_tees, serial_shops,
          nicolae_shop_tiny_real_fake_doors, serial_bayou_ford_a, uniq_grinder,
          uniq_duvessa
D:7:      layout_gridville, uniq_crazy_yiuf_cottage, uniq_joseph, uniq_maggie
D:8:      layout_loops_corners, uniq_pikel
D:9:      layout_basic, grunt_temple_overflow_open, david_orc_2,
          serial_library_hellmonk_filled_rooms
D:10:     layout_grid_maze, erik_lair_island, minmay_large_rounded_square,
          uniq_harold, uniq_nergalle, uniq_maurice
D:11:     layout_irregular_city
D:12:     layout_loops_ring, hangedman_corner_corridor
D:13:     gammafunk_dig_for_victory, layout_gridville, david_vaults_5,
          uniq_frances
D:14:     layout_long_grid, minmay_misc_feat_diagonals,
          nzn_wu_jian_contemplation
D:15:     grunt_enter_depths_magical_seal, layout_long_grid,
          nicolae_transporter_circle
Temple:   hellmonk_temple_divided_pantheon
Lair:1:   layout_gridlike, beast_lair_carwin_5
Lair:2:   layout_cave_pods, serial_bayou_pond_c, nicolae_lair_grazing_beasts
          [nicolae_sub_lair_graze_edge, nicolae_sub_lair_graze_edge,
          nicolae_sub_lair_graze_edge, nicolae_sub_lair_graze_edge],
          grunt_megastairs_2
Lair:3:   layout_cave_pods, swamp_mist, spider_nest_entry_rubble,
          lemuel_old_faithful, infiniplex_staircase_pool
Lair:4:   layout_cave_pods, eino_small_chamber_without_monster,
          serial_bayou_shore_b, grunt_megastairs_3, lemuel_fruit_tree
Lair:5:   minmay_lair_end_enchanted_forest, layout_loops_ring,
          minmay_slime_entry_oklob_open, minivault_24, grunt_megastairs_5,
          infiniplex_staircase_pool_2
Swamp:1:  layout_basic_swamp, serial_swamp_ruin, hangedman_swamp_ruin_wall,
          evilmike_swamp_ruin_house_2, evilmike_swamp_ruin_house_4
Swamp:2:  layout_falls_marsh, nicolae_swamp_ascending_descending_big
Swamp:3:  nzn_winding_woodlands_three_and_one
          [nzn_winding_woodlands_5x15_lazy_stream,
          nzn_winding_woodlands_5x15_garden, nzn_winding_woodlands_5x15_pockets,
          nzn_winding_woodlands_center_diamonds], layout_basic_swamp,
          evilmike_swamp_ruin_wall, swamp_pool_1_2, cheibrodos_swamp_pet_leeches
Swamp:4:  swamp, layout_basic_swamp
Spider:1: layout_spider_delve
Spider:2: layout_cave_pods, nicolae_spider_solar_radiation, uniq_asterion
Spider:3: layout_spider_delve, uniq_jorgrun, uniq_mlioglotl, uniq_mara
Spider:4: floodkiller_spider_rune_tomb, uniq_arachne
Slime:1:  layout_caves
Slime:2:  layout_caves
Slime:3:  layout_caves
Slime:4:  layout_caves
Slime:5:  slime_pit_nicolae_royal_road_to_ruin
Orc:1:    layout_caves, basic_altar, uniq_erolcha, uniq_urug
Orc:2:    st_orc_town, layout_caves, basic_altar
Elf:1:    eino_elf_arrival_the_gate, layout_loops_corners, serial_shops, shop,
          nicolae_shop_behind_doors, infiniplex_enter_wizlab_spiral,
          minivault_28, nicolae_elf_big_sculpture_1
Elf:2:    nicolae_elf_blades_crystal_corner, layout_geoelf_octagon,
          gammafunk_ghost_tricky_traps, grunt_ministairs_14
Elf:3:    elf_hall_gauntlet_narrow, layout_geoelf_grid,
          chequers_hall_statues_corner_a, nicolae_shop_unique_rings,
          minmay_crystal_room
Vaults:1: nicolae_vaults_oval_intersection, nicolae_vaults_little_ls,
          v_alt_pattern_3, hangedman_vaults_trim,
          kennysheep_vaults_gozag_temple, ontoclasm_vaults_misaligned,
          vaults_standard_mumra_lines, grunt_vaults_trifunnel,
          ontoclasm_vaults_loading_screen, nicolae_vaults_variable_pillar_hall,
          nicolae_vaults_diamond_1, vaults_dpeg_diagonal,
          layout_vaults_maze_snakey
Vaults:2: nicolae_vaults_turnstiles, hangedman_vaults_trim,
          nicolae_vaults_house_3, dpeg_vaults_hating_casters,
          grunt_vaults_funnel, nicolae_vaults_storage_room_glass,
          ontoclasm_vaults_loading_screen, nicolae_vaults_mini_display_case,
          layout_vaults_omnigrid, serial_shops, nicolae_shop_stone,
          nicolae_shop_gaudy_bauble, shop, nicolae_shop_waterfront
Vaults:3: ontoclasm_vaults_decontamination, hangedman_vaults_snaps,
          nicolae_vaults_antechamber_and_loot_room, v_misc_2,
          nicolae_vaults_big_ls, v_misc_15, v_rooms_2, nicolae_vaults_prndl,
          nicolae_vaults_ellipses_ellipsis, nicolae_vaults_little_squares_6,
          nicolae_vaults_hallways_thing, vaults_standard_mumra_x,
          minmay_crypt_entry_necro_gods, nicolae_vaults_trapezoid_4,
          nicolae_vaults_double_plus_1, ontoclasm_vaults_gateway,
          layout_vaults_big_cross
Vaults:4: ontoclasm_vaults_ring_large, nicolae_vaults_back_hallway, v_misc_32,
          nicolae_vaults_little_squares_2, v_misc_1, ontoclasm_vaults_pinch,
          v_alt_pattern_1, nicolae_vaults_windows_and_doors_thing,
          nicolae_vaults_network_periphery, hangedman_vaults_variations,
          grunt_vaults_swirl, layout_vaults_omnibox
Vaults:5
Crypt:1:  layout_basic, basic_altar
Crypt:2:  layout_chaotic_city
Crypt:3:  grunt_crypt_end_deaths_head
Depths:1: layout_gridlike, hangedman_decor_riveting, hell_entry,
          worldfamousw_hep_ancestral_shrine
Depths:2: kennysheep_green_arena, layout_cave_pools, enter_ziggurat_b,
          grunt_hell_entry_dis_grunt, pan_entry, nicolae_specific_store,
          infiniplex_staircase_spiral, uniq_saint_roka
Depths:3: minmay_the_grid_triangle_9x9_line_8_mashed
          [minmay_the_grid_triangle_9x9_odd_lines,
          minmay_the_grid_triangle_9x9_cache,
          minmay_the_grid_triangle_9x9_wacky_v,
          minmay_the_grid_triangle_9x9_flanged_cone,
          minmay_the_grid_triangle_9x9_subtriangle,
          minmay_the_grid_triangle_9x9_longest,
          minmay_the_grid_triangle_9x9_sprig,
          minmay_the_grid_triangle_9x9_prize_insulated], layout_basic,
          pf_hell_entry_tar_river, minmay_misc_feat_tiny,
          hangedman_abyss_entry_splay, kennysheep_cluttered_room, uniq_parghit,
          uniq_margery
Depths:4: grunt_zot_entry_pinwheel, layout_small_grid,
          nicolae_figureground_sparkle, serial_shops, shop, hell_entry,
          uniq_mennas
Hell
Dis:1:    layout_subdivisions
Dis:2:    layout_subdivisions, glass_columns_a
Dis:3:    layout_subdivisions
Dis:4:    layout_subdivisions
Dis:5:    grunt_dis_stairs_iron_hall
Dis:6:    hangedman_iron_city_apartments
Dis:7:    dis_grunt_layers
Geh:1:    layout_gehenna_lava_caves
Geh:2:    layout_gehenna_pools_triple
Geh:3:    layout_gehenna_lava_caves
Geh:4:    layout_gehenna_pools_box
Geh:5:    layout_gehenna_lava_caves
Geh:6:    layout_gehenna_pools_box, nicolae_geh_lavax
Geh:7:    geh_old
Coc:1:    layout_cocytus_water_paths
Coc:2:    layout_cocytus_delve
Coc:3:    layout_cocytus_water_paths
Coc:4:    layout_ice_bergs
Coc:6:    layout_cocytus_delve
Coc:7:    coc_dpeg
Tar:1:    layout_grid_maze, lemuel_nasty_fountain
Tar:2:    layout_grid_maze, nicolae_tar_cuneiform_heaven
Tar:4:    layout_honeycomb
Tar:5:    layout_grid_maze
Tar:6:    layout_grid_maze, nicolae_tar_cuneiform_city,
          nicolae_tar_cuneiform_not, nicolae_hells_leichenhalle
Tar:7:    tar_old
Zig:18

Skill      XL: |  1  2  3  4  5  6  7  8  9 10 11 12 13 14 15 16 17 18 19 20 21 22 23 24 25 26 27 |
---------------+----------------------------------------------------------------------------------+-----
Short Blades   | 2 3 4 5 6 8 9 10 11 12 13 14 | 14.3
Shields        | 3 4 6 8 9 10 11 13 14 15 16 17 18 19 24 | 24.1
Fighting       | 3 4 5 6 7 8 9 10 11 12 13 14 15 16 17 22 | 22.3
Stealth        | 1 4 7 8 10 11 12 13 14 15 16 17 18 19 20 21 | 21.0
Invocations    | 3 6 8 10 11 12 13 14 15 16 18 19 20 21 22 23 27 | 27.0
Dodging        | 2 3 5 6 7 8 9 10 11 12 13 23 | 23.8
Armour         | 3 4 5 6 7 8 9 10 11 12 13 14 15 | 15.0
Translocations | 4 8 12 | 12.0
Air Magic      | 4 10 | 10.0
Spellcasting   | 16 | 16.8
Necromancy     | 6 |  6.0

Action                     |  1- 3 |  4- 6 |  7- 9 | 10-12 | 13-15 | 16-18 | 19-21 | 22-24 | 25-27 || total
---------------------------+-------+-------+-------+-------+-------+-------+-------+-------+-------++-------
  Melee: Rapier            |   126 |   140 |    64 |       |       |       |       |       |  2562 ||  2892
         Bite              |    32 |    53 |   132 |   295 |   385 |   830 |   636 |   712 |  3602 ||  6677
         Dagger            |       |       |   316 |   706 |   857 |  1880 |  1433 |  1227 |  3170 ||  9589
  Throw: Throwing net      |       |       |       |       |     1 |     2 |       |     1 |     1 ||     5
         Dart              |       |       |       |       |     1 |       |     1 |       |       ||     2
   Cast: Vhi's Electric Ch |       |       |       |       |       |       |       |       |   105 ||   105
         Lesser Beckoning  |       |       |       |       |       |       |       |       |    12 ||    12
         Blink             |       |       |       |       |       |       |       |       |     4 ||     4
         Passage of Golubr |       |       |       |       |       |       |       |       |     3 ||     3
         Fugue of the Fall |       |       |       |       |       |       |       |       |     1 ||     1
 Invoke: Line Pass         |       |       |       |     2 |     8 |    11 |     5 |    12 |    39 ||    77
         Grand Finale      |       |       |       |       |     4 |    11 |     9 |    15 |    57 ||    96
  Evoke: Wand              |       |     2 |       |     1 |     3 |     2 |     1 |       |    23 ||    32
         Horn of Geryon    |       |       |       |       |       |       |       |       |     1 ||     1
         Lightning rod     |       |       |       |       |       |       |       |       |     1 ||     1
    Use: Potion            |       |       |     1 |       |     1 |     2 |     1 |     2 |    22 ||    29
         Scroll            |       |       |     5 |     4 |     1 |    13 |    16 |     3 |    38 ||    80
   Stab: Distracted        |       |       |     1 |       |     7 |     3 |     3 |     3 |    18 ||    35
         Paralysed         |       |       |     6 |    31 |    75 |   142 |   117 |   150 |   592 ||  1113
         Sleeping          |       |       |       |    10 |    33 |    11 |    26 |    29 |    45 ||   154
         Confused          |       |       |       |     2 |     9 |     6 |     8 |    13 |    63 ||   101
         Held in net/web   |       |       |       |       |     1 |     1 |       |       |     3 ||     5
         Petrified         |       |       |       |       |     1 |       |       |       |       ||     1
         Invisible         |       |       |       |       |       |       |       |       |     5 ||     5
         Fleeing           |       |       |       |       |       |       |       |       |     1 ||     1
 Armour: Scale mail        |    31 |       |       |       |       |       |       |       |       ||    31
         Plate armour      |    70 |    93 |       |       |       |       |       |       |       ||   163
         Ring mail         |       |    37 |   152 |       |       |       |       |       |       ||   189
         Chain mail        |       |       |   105 |   325 |   392 |   955 |   548 |       |       ||  2325
         Pearl dragon scal |       |       |       |       |       |       |    84 |   372 |  1089 ||  1545
  Dodge: Dodged            |    42 |    50 |   135 |   105 |   192 |   612 |   358 |   336 |  1505 ||  3335
  Block: Buckler           |    28 |    28 |    97 |   183 |   254 |       |       |       |       ||   590
         Reflection        |       |       |       |    10 |    10 |     6 |    33 |     2 |       ||    61
         Kite shield       |       |       |       |       |   178 |  1793 |   951 |   666 |   189 ||  3777
         Tower shield      |       |       |       |       |       |       |       |       |  4470 ||  4470
